 Dungeon Crawl Stone Soup version 0.30-a0-374-g95c0257040 (webtiles) character file.

Game seed: 16957706117578359916

139 bande the Covered (level 5, -3/33 HPs)
             Began as a Gargoyle Fighter on Nov 25, 2022.
             Slain by Blork the orc
             ... wielding a +0 halberd
              (8 damage)
             ... on level 5 of the Dungeon.
             The game lasted 00:06:14 (3294 turns).

bande the Covered (Gargoyle Fighter)                Turns: 3294, Time: 00:06:14

Health: -3/33      AC: 21    Str: 19    XL:     5   Next: 22%
Magic:  5/5        EV:  5    Int:  9    God:
Gold:   192        SH:  4    Dex: 11    Spells: 4/4 levels left

rFire   . . .      SeeInvis .    a - +0 war axe
rCold   + . .      Faith    .    c - +0 buckler
rNeg    + . .      Spirit   .    q - +0 plate armour
rPois   ∞          Reflect  .    v - +0 helmet
rElec   +          Harm     .    (no cloak)
rCorr   .          Rampage  .    (no gloves)
Will    .....                    (no boots)
Stlth   ..........               (no amulet)
HPRegen 0.25/turn                i - ring of protection from cold
MPRegen 0.09/turn                o - +4 ring of protection

@: no status effects
A: sickness immunity, AC +4, negative energy resistance 1, electricity
resistance, torment resistance 1, petrification resistance
a: no special abilities


You were on level 5 of the Dungeon.
You visited 1 branch of the dungeon, and saw 4 of its levels.

You collected 192 gold pieces.

Inventory:

Hand Weapons
 a - a +0 war axe (weapon)
 g - a +2 flail of draining
 u - a +1 vorpal mace
Armour
 c - a +0 buckler (worn)
 q - a +0 plate armour (worn)
 v - a +0 helmet (worn)
Jewellery
 i - a ring of protection from cold (left hand)
 o - a +4 ring of protection (right hand)
Wands
 t - a wand of flame (19)
 w - a wand of charming (11)
Scrolls
 f - 2 scrolls of teleportation
 s - a scroll of magic mapping {unknown}
 x - a scroll of silence {unknown}
Potions
 b - a potion of heal wounds {unknown}
 d - 2 potions of might
 e - a potion of magic {unknown}
 h - 4 potions of curing {unknown}
 j - 2 potions of lignification {unknown}
 k - a potion of flight {unknown}
 l - a potion of brilliance {unknown}
 m - 2 potions of invisibility {unknown}
 n - a potion of degeneration {unknown}
 p - a potion of berserk rage {unknown}
 r - 2 potions of haste


   Skills:
 + Level 3.8 Fighting
 + Level 3.4 Axes
 + Level 4.1 Armour
 + Level 3.8 Shields
 * Level 0.5 Evocations


You had 4 spell levels left.
You didn't know any spells.
Your spell library contained the following spells:

 Spells                   Type           Power      Damage    Failure   Level
 Freeze                   Ice            0%         1d3       100%        1
 Slow                     Hex            0%         N/A       100%        1
 Blink                    Tloc           0%         N/A       100%        2
 Momentum Strike          Conj/Tloc      0%         3d8       100%        2
 Confusing Touch          Hex            0%         N/A       100%        3
 Frozen Ramparts          Ice            0%         1d1       100%        3
 Hailstorm                Conj/Ice       0%         3d3       100%        3
 Lesser Beckoning         Tloc           0%         N/A       100%        3
 Vampiric Draining        Necr           0%         2d6       100%        3


Dungeon Overview and Level Annotations

Branches:
Dungeon (3/15)

Altars:
Ashenzari

Annotations:
D:5 Blork the orc


Innate Abilities, Weirdness & Mutations

You are immune to sickness and miasma.
Your stone body is resilient. (AC +4)
You are immune to poison.
You resist negative energy. (rN+)
You are resistant to electric shocks. (rElec)
You are resistant to unholy torment.
You are immune to petrification.


Message History

The jelly quivers.
Blork the orc comes into view.
He is wielding a +0 halberd.
Blork the orc hits you from afar with a +0 halberd.
The black bear bites you but does no damage.
The black bear claws you but does no damage. x2
Blork the orc hits you but does no damage.
The black bear bites you but does no damage.
The black bear claws you but does no damage. x2
Blork the orc hits you but does no damage.
You barely miss the black bear. You hit Blork the orc but do no damage.
The black bear bites you but does no damage.
The black bear barely misses you.
The black bear claws you but does no damage.
Blork the orc barely misses you.
Unknown command.
You closely miss the black bear. You hit the jelly.
Your hands burn!
You hit Blork the orc.
Blork the orc hits you with a +0 halberd.
The black bear bites you but does no damage.
The black bear claws you but does no damage. x2
The jelly hits you but does no damage.
You slash the black bear!
The black bear is heavily wounded.
You hit the jelly.
Your hands burn!
You barely miss Blork the orc.
Blork the orc grunts loudly.
Blork the orc barely misses you.
The black bear bites you but does no damage.
The black bear claws you but does no damage. x2
You block the jelly's attack. The black bear bites you.
The black bear claws you but does no damage.
The black bear barely misses you.
Blork the orc hits you with a +0 halberd.
The jelly hits you.
You are splashed with acid!
* * * LOW HITPOINT WARNING * * *
You slash the black bear!
The black bear is almost dead.
You hit Blork the orc. You barely miss the jelly.
You hear the hiss of an avalanche of sand very nearby.
Blork the orc hits you with a +0 halberd!
You die...

.. ....# #...#.###
##.##..# ####........
#......#####......####.
#...#....#.).###### #.
. ...#.##.#..## #.
⌠.##+.#.⌠#.....# #.
.........#.....# #.
#......J#####..# #.
#......h@o..#..# #.
+..._...+...#.## #.
........#...#.# .
........#####.#
......... ..# ⌠.##+##.⌠
..# ## .## .## # .#


You could see Blork the orc, a black bear and a jelly.

Vanquished Creatures
  Terence (D:3)
  Robin (D:2)
  3 adders
  A worm (D:2)
  An orc (D:5)
  An endoplasm (D:2)
  2 giant cockroaches
  14 goblins
  6 hobgoblins
  4 jackals (D:1)
  6 kobolds
  5 quokkas
  8 ball pythons
  7 bats
  4 frilled lizards
  5 rats
69 creatures vanquished.

Notes
Turn   | Place    | Note
-------+----------+-------------------------------------------
     0 | D:1      | bande the Gargoyle Fighter began the quest for the Orb.
     0 | D:1      | Reached XP level 1. HP: 14/14 MP: 1/1
   385 | D:1      | Reached XP level 2. HP: 19/19 MP: 2/2
   928 | D:2      | Reached XP level 3. HP: 23/23 MP: 3/3
   956 | D:2      | Found a faded altar of an unknown god.
  1862 | D:3      | Noticed Robin
  1875 | D:2      | Reached XP level 4. HP: 29/29 MP: 4/4
  2346 | D:2      | Killed Robin
  2606 | D:3      | Reached skill level 4 in Armour
  2797 | D:3      | Noticed Terence
  2803 | D:3      | Killed Terence
  2804 | D:3      | Reached XP level 5. HP: 27/33 MP: 5/5
  3095 | D:3      | You fall into a shaft and drop 2 floors!
  3095 | D:5      | Entered Level 5 of the Dungeon
  3283 | D:5      | Found a broken altar of Ashenzari.
  3285 | D:5      | Noticed a black bear
  3288 | D:5      | Noticed Blork the orc
  3294 | D:5      | Slain by Blork the orc

Illustrated notes

Levels and vault maps discovered:
D:1:      minmay_arrival_glassed_features, layout_basic
D:2:      kb_forest_paths, layout_basic, dreamdust_ecumenical_altar_statues
D:3:      layout_loops_ring, uniq_terence, uniq_robin
D:5:      layout_loops_corners, evilmike_ruin_ashenzari,
          chequers_ossuary_entry_cave, uniq_blork_the_orc

Skill      XL: |  1  2  3  4 |
---------------+-------------+-----
Axes           | 2 3 |  3.4
Armour         | 4 |  4.1
Fighting       | |  3.8
Shields        | |  3.8
Evocations     | |  0.5

Action                   |  1- 3 |  4- 6 || total
-------------------------+-------+-------++-------
Melee: War axe           |   119 |    69 ||   188
  Use: Scroll            |       |     6 ||     6
Armor: Chain mail        |    24 |       ||    24
       Scale mail        |    10 |       ||    10
       Plate armour      |    39 |    79 ||   118
Dodge: Dodged            |    46 |    24 ||    70
Block: Buckler           |    38 |    17 ||    55

Table legend: (Time is in decaauts)
 A = Elapsed time spent in this place.
 B = Non-inter-level travel time spent in this place.
 C = Inter-level travel time spent in this place.
 D = Time resting spent in this place.
 E = Time spent auto-exploring this place.
 F = Levels seen in this place.
 G = Mean time per level.
                   A        B        C        D        E       F      G
               +--------+--------+--------+--------+--------+-----+--------+
         Total |   3376 |   3208 |    168 |    528 |   2000 |   4 |  844.0 |
       Dungeon |   3376 |   3208 |    168 |    528 |   2000 |   4 |  844.0 |
               +--------+--------+--------+--------+--------+-----+--------+

Top non-repeatable levels by time:
     D:2: 1742 daAuts
     D:1: 870 daAuts
     D:3: 562 daAuts
     D:5: 202 daAuts
